cohdb
Replays
Latest Replays
All Replays
Popular Replays
Top Player Replays
Match Explorer
How It Works
Community
CoH3 Stats
Reddit
Sign in to upload your games and track your stats! →
Sign in with Steam
Match 39506295
Unlisted
Match 39506295
Overview
Messages
Build Orders
End
Selects Heavy Weapons
Construct Barracks
Riflemen Squad
Riflemen Squad
Riflemen Squad
Grenade Package
Mechanized Support Center
Selects Assault Carriers
Construct Weapon Support Center
M3 Assault Carrier
Selects M2HB .50cal Heavy Machine Gun
M1919 Machine Gun Team
Bazooka Squad
Construct Motor Pool
M3 Assault Carrier
Designate Forward Repair Station
Selects Halftrack Strongpoints
M1918 Browning Automatic Rifles
Improvised Armor
M24 Chaffee Light Tank
Engineer Squad
Halftrack Strongpoints
Construct Tank Depot
Selects Towed M5 3-inch Anti-tank Gun
Towed M5 3-inch Anti-tank Gun
Mastschwein
Kanade
Bert1e
猫凪紗
sj0112
Ashbee
(Luke_NPG
Diter Rams
0
0
Comments
sign in to comment!
No comments posted yet!